 Dungeon Crawl Stone Soup version 0.29-a0-664-gff9cad4a3d (webtiles) character file.

Game seed: 8018327614728696057

30683 buhh the Spry (level 13, -3/58 HPs)
             Began as a Spriggan Hunter on June 22, 2022.
             Was an Initiate of Gozag.
             Killed from afar by a lindwurm (42 damage)
             ... with a blast of flame
             ... in a volcano.
             The game lasted 00:45:48 (19377 turns).

buhh the Spry (Spriggan Hunter)                    Turns: 19377, Time: 00:45:49

Health: -3/58      AC:  9    Str:  7    XL:     13   Next: 21%
Magic:  14/14      EV: 44    Int: 14    God:    Gozag
Gold:   1321       SH:  5    Dex: 20    Spells: 9/12 levels left

rFire   . . .      SeeInvis +   a - +2 shortbow (freeze)
rCold   + . .      Faith    .   (shield currently unavailable)
rNeg    . . .      Spirit   .   l - +5 robe of Misfortune {Harm *Corrode *Slow EV+5}
rPois   .          Reflect  +   (helmet restricted)
rElec   .          Harm     +   y - +1 cloak of Starlight {*Dazzle EV+4 Stlth--}
rCorr   +          Rampage  .   (gloves unavailable)
Will    ++...                   (boots unavailable)
Stlth   +.........              n - amulet of reflection
HPRegen 0.19/turn               i - ring of resist corrosion
MPRegen 0.14/turn               w - ring of protection from cold

@: very quick
A: very small, no large weapons, unfitting armour, see invisible, speed 3
a: Renounce Religion, Potion Petition, Call Merchant, Bribe Branch


You were in a volcano.
You worshipped Gozag.
Gozag was most pleased with you.
You visited 3 branches of the dungeon, and saw 18 of its levels.
You also visited: Bailey and Volcano.

You collected 3253 gold pieces.
You spent 1755 gold pieces at shops.
You paid 177 gold pieces to Gozag.

Inventory:

Hand Weapons
 a - a +2 shortbow of freezing (weapon)
Missiles
 h - 57 poisoned darts
 p - 2 throwing nets {!f}
 u - 2 curare-tipped darts
Armour
 l - the +5 robe of Misfortune (worn) {Harm *Corrode *Slow EV+5}
   (You found it on level 2 of the Dungeon)

   EV:        It affects your evasion (+5).
   *Corrode:  It may corrode you when you take damage.
   *Slow:     It may slow you when you take damage.
   Harm:      It increases damage dealt and taken.
 y - the +1 cloak of Starlight (worn) {*Dazzle EV+4 Stlth--}
   (You bought it in a shop on level 2 of the Dungeon)

   It may blind those who miss an attack against the wearer in melee combat.
   EV:        It affects your evasion (+4).
   Stlth:     It makes you much less stealthy.
Jewellery
 e - a +6 ring of intelligence
 i - a ring of resist corrosion (left hand)
 j - a ring of wizardry
 n - an amulet of reflection (around neck)
 w - a ring of protection from cold (right hand)
Wands
 b - a wand of mindburst (16)
 f - a wand of flame (10)
 v - a wand of digging (3)
 F - a wand of iceblast (17)
 J - a wand of quicksilver (5)
Scrolls
 c - 4 scrolls of blinking {!d}
 g - 2 scrolls of identify {!d}
 o - 4 scrolls of poison
 t - 8 scrolls of teleportation {!d}
 x - 2 scrolls of noise
 C - a scroll of fear {!r}
 P - 2 scrolls of magic mapping {!r!d}
 Q - 2 scrolls of fog
 T - a scroll of immolation {!d}
 X - 5 scrolls of amnesia
 Z - 2 scrolls of enchant armour
Potions
 d - 4 potions of mutation {unknown}
 k - 5 potions of attraction {unknown}
 m - 2 potions of berserk rage {unknown}
 q - 4 potions of haste {unknown}
 r - 4 potions of ambrosia {unknown}
 s - 3 potions of flight {unknown}
 z - 2 potions of magic {unknown}
 A - a potion of cancellation {unknown}
 D - 2 potions of might {unknown}
 E - a potion of resistance {unknown}
 G - a potion of lignification {unknown}
 H - a potion of degeneration
 K - 7 potions of brilliance {!q!d}
 M - 6 potions of heal wounds {!q!d}
 N - 2 potions of curing {!q!d}
Miscellaneous
 B - a tin of tremorstones (2/2)


   Skills:
 - Level 2.2 Fighting
 - Level 16.0 Bows
 * Level 19.6 Dodging
 - Level 3.1 Stealth
 - Level 10.0 Hexes
 - Level 5.0 Fire Magic


You had 9 spell levels left.
You knew the following spells:

 Your Spells              Type           Power      Damage    Failure   Level
a - Inner Flame           Hex/Fire       21%        N/A       4%          3

Your spell library contained the following spells:

 Spells                   Type           Power      Damage    Failure   Level
 Tukima's Dance           Hex            28%        N/A       1%          3
 Foxfire                  Conj/Fire      28%        2x1d5     11%         1
 Conjure Flame            Conj/Fire      7%         6-21      30%         3
 Ignite Poison            Fire/Tmut/Pois 4%         N/A       41%         3
 Gell's Gravitas          Tloc           0%         N/A       65%         3
 Lesser Beckoning         Tloc           0%         N/A       65%         3
 Teleport Other           Tloc           0%         N/A       65%         3
 Flame Wave               Conj/Fire      7%         2d5       71%         4
 Sticky Flame             Conj/Fire      7%         2d3       71%         4
 Summon Mana Viper        Hex/Summ       14%        N/A       71%         5
 Yara's Violent Unravell  Hex/Tmut       7%         3d5       71%         5
 Passage of Golubria      Tloc           0%         N/A       96%         4
 Iskenderun's Battlesphe  Conj           0%         2d6       100%        5
 Summon Forest            Summ/Tloc      0%         N/A       100%        5
 Iron Shot                Conj/Erth      0%         9d1       100%        6
 Summon Cactus Giant      Summ           0%         N/A       100%        6
 Spellforged Servitor     Conj/Summ      0%         N/A       100%        7
 Chain Lightning          Conj/Air       0%         N/A       100%        9
 Fire Storm               Conj/Fire      3%         8d1       100%        9
 Shatter                  Erth           0%         3d5*      100%        9


Dungeon Overview and Level Annotations

Branches:
Dungeon (13/15) Zot: 26847  Temple (1/1) D:7 Zot: 5775    Lair (4/6) D:9 Zot: 21453
  Swamp (0/4) Lair:2        Snake (0/4) Lair:2          Orc (0/2) D:11
 Bailey (visited)         Volcano (1/1) Zot: 5547
 Vaults: D:13-14

Altars:
Ashenzari
Cheibriados
Dithmenos
Elyvilon
Fedhas
Gozag
Hepliaklqana
Kikubaaqudgha
Makhleb
Nemelex Xobeh
Okawaru
Qazlal
Ru
Sif Muna
Trog
Uskayaw
Vehumet
Wu Jian
Xom
Yredelemnul
Zin
The Shining One

Shops:
D:2 =[!**   D:3 (

Portals:
Trove: D:12 (give +3 gold dragon scales)

Annotations:
D:5 Menkaure
D:6 exclusion: centaur, Grinder, Maggie
D:8 Erica
D:10 exclusion: gargoyle


Innate Abilities, Weirdness & Mutations

You are very small and have problems with some larger weapons.
You are too small for most types of armour.
You have supernaturally acute eyesight. (SInv)
You cover ground extremely quickly. (Speed+++)


Message History

You shoot an arrow. The arrow hits the lindwurm!
The arrow freezes the lindwurm.
The lindwurm is almost dead.
You shoot an arrow. The arrow barely misses the lindwurm.
The lindwurm breathes flames at you. The blast of flame misses you.
The lindwurm completely misses you. x3
You shoot an arrow.
The arrow hits the lindwurm but does no damage.
The lindwurm is almost dead.
The lindwurm bites you but does no damage.
You block the lindwurm's attack.
The lindwurm claws you but does no damage.
The lindwurm misses you. x2; The lindwurm completely misses you.
You shoot an arrow. The arrow barely misses the lindwurm.
You shoot an arrow. The arrow hits the lindwurm.
The arrow freezes the lindwurm.
The lindwurm is almost dead.
You block the lindwurm's attack. The lindwurm completely misses you. x2
You block the lindwurm's attack. x2; The lindwurm completely misses you.
You shoot an arrow.
The arrow completely misses the lindwurm.
The lindwurm completely misses you. x3
The lindwurm breathes flames at you. The blast of flame hits you!!
Ouch! That really hurt!
Really quaff
M - 7 potions of heal wounds {!q!d}?
You feel much better. The lindwurm breathes flames at you.
The blast of flame misses you. The lindwurm completely misses you.
The lindwurm closely misses you. The lindwurm completely misses you.
The lindwurm is no longer blind.
Why would you want to do that? The lindwurm breathes flames at you.
The blast of flame misses you.
You see here 17 gold pieces.
The lindwurm breathes flames at you. The blast of flame hits you!!
Ouch! That really hurt!
You die...
Your body crumbles into a pile of gold.

..## ##...# ...## #...##
....####### #k...#
....#.....## #####k#..##
.....§...§.# ##..#≈.#...#
#.....§....#####....≈.##..#
###......§..≈#........#..##
.###..$.............#.≈...#
$.##..####......@.$.#.§#.##
..$.$.# ##......##$#§.§..#
......# #..§§.###.≈.§§.##
..$.$.## #.§.§.# ##≈≈##§#
.....§.# #.§#### ###...#
#....§§# ##.. #...#
##....§§..... ..##
####....... ...# #.......
..


You could see 2 lindwurms.

Vanquished Creatures
  A hydra (Lair:2)
  A boulder beetle (D:11)
  3 two-headed ogres (D:11)
  Nergalle (Lair:1)
  3 lindwurms (Volcano)
  A deep elf pyromancer (D:12)
  An ugly thing (D:13)
  5 elephants (Lair:3)
  4 black mambas
  A black mamba (shapeshifter) (D:13)
  3 cane toads
  3 smoke demons (Volcano)
  2 gargoyles
  Psyche (D:8)
  2 unseen horrors (D:12)
  5 komodo dragons
  3 trolls
  10 blink frogs
  Sigmund (D:5)
  4 shadows
  A wyvern (D:10)
  2 vampires
  3 wraiths
  Eustachio (D:6)
  17 yaks
  2 basilisks
  Grum (D:8)
  An acid dragon (D:9)
  7 steam dragons
  A swamp worm (Lair:2)
  7 water moccasins
  4 nagas (Lair:2)
  3 hell hounds (Volcano)
  2 orc warriors
  An ice beast (D:7)
  A sky beast (D:7)
  An ogre (D:6)
  17 wolves
  4 centaurs
  3 phantoms
  4 kobold brigands
  16 bullfrogs
  6 scorpions
  A gnoll sergeant (D:7)
  4 wights (D:7)
  10 killer bees
  4 howler monkeys
  An electric eel (D:9)
  6 vampire bats (Bailey)
  3 wolf zombies (Bailey)
  7 hounds
  A jelly (D:6)
  8 orc priests
  Crazy Yiuf (D:5)
  3 gnoll shamans
  5 iguanas
  Natasha (thrice) (D:3)
  8 orc wizards
  25 gnolls
  4 adders
  2 white imps
  2 ufetubi
  4 worms
  A dart slug (D:4)
  21 orcs
  13 ball pythons
  5 bats (D:1)
  5 endoplasms
  3 giant cockroaches
  10 goblins
  5 hobgoblins
  3 jackals (D:1)
  5 quokkas (D:1)
  2 frilled lizards (D:3)
  22 kobolds
  21 orc zombies (Bailey)
  2 rats
380 creatures vanquished.

Vanquished Creatures (collateral kills)
  2 dream sheep (D:9)
  4 water moccasins (Lair:1)
  A hound (D:9)
  A gnoll shaman (D:9)
  3 adders (Lair:1)
  A plant (Lair:1)
12 creatures vanquished.

Vanquished Creatures (others)
  19 fungi
  10 plants
29 creatures vanquished.

Grand Total: 421 creatures vanquished

Notes
Turn   | Place    | Note
-------+----------+-------------------------------------------
     0 | D:1      | buhh the Spriggan Hunter began the quest for the Orb.
     0 | D:1      | Reached XP level 1. HP: 10/10 MP: 2/2
    73 | D:1      | Reached skill level 3 in Dodging
    76 | D:1      | Reached XP level 2. HP: 15/15 MP: 3/3
   203 | D:1      | Reached XP level 3. HP: 13/18 MP: 4/4
   677 | D:2      | Found Zuivis's Assorted Antiques.
   683 | D:2      | Found Ishaor's General Store.
   688 | D:2      | Bought a scroll labelled ASYZUT ATAQICK for 21 gold pieces
   688 | D:2      | Bought a scroll labelled GERUAL WISCHYOXI for 21 gold
                  | pieces
   688 | D:2      | Bought a scroll labelled ASYZUT ATAQICK for 21 gold pieces
   752 | D:2      | Found the +5 robe of Misfortune {Harm *Corrode *Slow EV+5}
   791 | D:2      | Found Ofud's Distillery.
  1005 | D:2      | Found Daotwurea's Jewellery Shoppe.
  1140 | D:2      | Found Kuxkur's Antique Armour Shoppe.
  1287 | D:3      | Found a faded altar of an unknown god.
  1312 | D:3      | Found Hishrua's Weapon Boutique.
  1353 | D:3      | Reached XP level 4. HP: 23/23 MP: 5/5
  1366 | D:3      | Noticed Natasha
  1370 | D:3      | Killed Natasha
  1371 | D:3      | Reached skill level 4 in Dodging
  1798 | D:4      | Noticed a kobold brigand
  1816 | D:3      | Noticed Natasha
  1824 | D:3      | Killed Natasha
  1825 | D:3      | Reached XP level 5. HP: 26/26 MP: 6/6
  1827 | D:3      | Noticed Natasha
  1836 | D:3      | Killed Natasha
  1837 | D:3      | Reached skill level 5 in Dodging
  1870 | D:4      | Reached XP level 6. HP: 30/30 MP: 7/7
  1898 | D:4      | Reached skill level 6 in Dodging
  2184 | D:4      | Found an ornate altar of the Wu Jian Council.
  2568 | D:5      | Entered Level 5 of the Dungeon
  2591 | D:5      | Found a burning altar of Makhleb.
  2592 | D:5      | Found a sparkling altar of Nemelex Xobeh.
  2619 | D:5      | Reached skill level 7 in Dodging
  2619 | D:5      | Reached XP level 7. HP: 35/35 MP: 8/8
  2711 | D:5      | Noticed Sigmund
  2755 | D:5      | Noticed Menkaure
  2994 | D:6      | Noticed Grinder
  3112 | D:6      | Reached skill level 8 in Dodging
  3258 | D:6      | Noticed Eustachio
  3263 | D:6      | Reached XP level 8. HP: 39/39 MP: 9/9
  3272 | D:6      | Killed Eustachio
  3273 | D:6      | Reached skill level 9 in Dodging
  3542 | D:6      | Noticed Maggie
  3902 | D:7      | Found a staircase to the Ecumenical Temple.
  4064 | D:7      | Reached skill level 10 in Dodging
  4482 | D:7      | Found a snail-covered altar of Cheibriados.
  4605 | Temple   | Entered the Ecumenical Temple
  4965 | Temple   | Became a worshipper of Gozag Ym Sagoz the Greedy
  5275 | D:5      | Found a radiant altar of Vehumet.
  5340 | D:5      | Killed Sigmund
  5341 | D:5      | Reached XP level 9. HP: 42/42 MP: 10/10
  5923 | D:7      | Reached skill level 11 in Dodging
  5972 | D:7      | Reached skill level 11 in Bows
  6178 | D:8      | Noticed Psyche
  6193 | D:8      | Killed Psyche
  6231 | D:8      | Found an iron altar of Okawaru.
  6251 | D:8      | Found a flagged portal.
  6292 | Bailey   | Entered a bailey
  6588 | Bailey   | Reached skill level 12 in Dodging
  6633 | Bailey   | Noticed a gargoyle
  7041 | Bailey   | Identified the +1 plate armour of True Grit {Rampage +Inv
                  | rN+}
  7099 | Bailey   | Killed a gargoyle
  7486 | D:8      | Noticed Grum
  7491 | D:8      | Killed Grum
  7496 | D:8      | Reached skill level 13 in Dodging
  7520 | D:8      | Reached XP level 10. HP: 46/46 MP: 11/11
  8091 | D:8      | Noticed Erica
  8879 | D:5      | Found a sacrificial altar of Ru.
  8915 | D:5      | Found a runed translucent door.
  8916 | D:5      | Noticed Crazy Yiuf
  8933 | D:5      | Killed Crazy Yiuf
  9367 | D:8      | Found a hazy altar of Hepliaklqana.
 10349 | D:9      | Reached skill level 14 in Dodging
 10893 | D:9      | Found a staircase to the Lair.
 11178 | D:10     | Entered Level 10 of the Dungeon
 11274 | D:10     | Found a broken altar of Ashenzari.
 11396 | D:10     | Noticed a gargoyle
 12104 | D:11     | Noticed a two-headed ogre
 12177 | D:11     | Noticed a two-headed ogre
 12199 | D:11     | Killed a two-headed ogre
 12200 | D:11     | Reached XP level 11. HP: 50/50 MP: 12/12
 12228 | D:11     | Killed a two-headed ogre
 12375 | D:11     | Found a staircase to the Orcish Mines.
 12402 | D:11     | Noticed a two-headed ogre
 12417 | D:11     | Killed a two-headed ogre
 12723 | D:12     | Found a portal to a secret trove of treasure.
 12775 | D:12     | Reached skill level 15 in Dodging
 13149 | D:12     | Learned a level 3 spell: Inner Flame
 13149 | D:12     | Noticed a boulder beetle
 13235 | Lair:1   | Entered Level 1 of the Lair of Beasts
 13625 | Lair:1   | Noticed Nergalle
 13956 | D:7      | HP: 1/47 [killer bee (9)]
 14437 | D:2      | Bought a scroll of teleportation for 42 gold pieces
 14437 | D:2      | Bought a scroll of poison for 49 gold pieces
 14437 | D:2      | Bought a potion of heal wounds for 70 gold pieces
 14437 | D:2      | Bought a scroll of enchant armour for 105 gold pieces
 14437 | D:2      | Bought 3 scrolls of blinking for 315 gold pieces
 14437 | D:2      | Bought a wand of mindburst (10) for 196 gold pieces
 14480 | D:2      | Bought the +1 cloak of Starlight {*Dazzle EV+4 Stlth--} for
                  | 915 gold pieces
 14480 | D:2      | Found the +1 cloak of Starlight {*Dazzle EV+4 Stlth--}
 14975 | Lair:1   | Killed Nergalle
 15314 | Lair:1   | Reached skill level 15 in Bows
 15546 | Lair:1   | Reached XP level 12. HP: 54/54 MP: 13/13
 15862 | D:11     | Killed a boulder beetle
 16488 | D:13     | Noticed a tengu warrior
 16780 | Lair:2   | Noticed an eight-headed hydra
 16793 | Lair:2   | Killed an eight-headed hydra
 16933 | Lair:2   | Reached skill level 16 in Dodging
 17108 | Lair:2   | Found a staircase to the Snake Pit.
 17263 | Lair:2   | Found a staircase to the Swamp.
 17715 | Lair:3   | Reached skill level 17 in Dodging
 18177 | Lair:3   | Reached skill level 18 in Dodging
 18472 | Lair:3   | Reached XP level 13. HP: 39/58 MP: 14/14
 18818 | Lair:4   | Found a dark tunnel.
 18829 | Volcano  | Entered a volcano
 18883 | Volcano  | Reached skill level 19 in Dodging
 19377 | Volcano  | Killed from afar by a lindwurm

Illustrated notes

Levels and vault maps discovered:
D:1:      heliophobic_arrival_battle_scene, layout_basic
D:2:      layout_basic, serial_shops, shop, nicolae_shop_behind_doors, shop,
          shop, shop
D:3:      layout_rooms, ebering_ecumenical_altar_abandoned, serial_shops,
          nicolae_square_shop, uniq_natasha
D:4:      layout_rooms, mainiacjoe_overflow_six_doors_small
D:5:      layout_cave_pools, bloody_makhleb, amcnicky_altar_gilded,
          mainiacjoe_overflow_small_starburst, mainiacjoe_overflow_alcove_1,
          chequers_garden, dk_noncrumbling_2, minmay_crystal_room,
          grunt_ministairs_4, uniq_crazy_yiuf_cottage, uniq_menkaure,
          uniq_sigmund
D:6:      layout_basic, uniq_maggie, uniq_grinder, uniq_eustachio
D:7:      layout_gridville, slow_altar_1, minmay_temple_entry_gardened_gates,
          minmay_misc_feat_x
D:8:      layout_cave_pools, okawaru_gym_becter, kennysheep_mini_moat,
          enter_bailey_2, uniq_erica, uniq_psyche, uniq_grum
D:9:      lemuel_ice_spiral_2, layout_basic, erik_lair_island,
          dreamdust_gnoll_shepherd
D:10:     layout_gridville, ashenzari_conservatory_becter,
          nicolae_figureground_pulse
D:11:     layout_rooms, david_orc_3, chequers_serial_rivers_micro_c
D:12:     layout_roguey, nicolae_trove_entry_isolated, serial_co_window_serial,
          co_window_corner_a, co_window_corner_a, co_window_paths_b,
          co_window_cross_1, co_window_corner_a, co_window_broadway_b,
          co_window_broadway_c, co_window_paths_c, co_window_paths_c,
          co_window_broadway_a, co_window_4corner_b, glass_columns_a,
          glass_columns_a, glass_columns_b
D:13:     layout_layer_cave, minmay_strange_pillars, uniq_urug
Temple:   compressed_dpeg_triangle_lava_temple
Lair:1:   layout_chaotic_city, columned_hall_lemuel, minmay_stone_trees_small,
          cheibrodos_lair_reptile_den, uniq_nergalle
Lair:2:   layout_long_grid, minmay_swamp_entry_worms,
          minmay_snake_entry_guardpost_small, chequers_serial_rivers_small_a
Lair:3:   layout_loops_ring, grunt_megastairs_3
Lair:4:   layout_small_grid, nicolae_volcano_entry_lava_flow,
          chequers_serial_rivers_small_a
Volcano:  hellmonk_smoking_crater

Skill      XL: |  1  2  3  4  5  6  7  8  9 10 11 12 13 |
---------------+----------------------------------------+-----
Stealth        | 2 3 |  3.1
Dodging        | 3 4 5 7 8 10 13 14 15 18 19 | 19.6
Bows           | 5 6 7 9 10 12 14 15 16 | 16.0
Fighting       | 2 |  2.2
Hexes          | 6 10 | 10.0
Fire Magic     | 4 5 |  5.0

Action                   |  1- 3 |  4- 6 |  7- 9 | 10-12 | 13-15 || total
-------------------------+-------+-------+-------+-------+-------++-------
 Fire: Shortbow          |   115 |   119 |   449 |   965 |   135 ||  1783
Evoke: Wand              |       |       |       |     2 |       ||     2
  Use: Scroll            |     5 |     4 |     3 |     6 |     1 ||    19
       Potion            |       |       |       |     2 |     1 ||     3
Armor: Robe              |     2 |     3 |     9 |     9 |     8 ||    31
Dodge: Dodged            |    35 |    41 |   185 |   316 |    47 ||   624
Block: Other             |       |     1 |    38 |    59 |     5 ||   103
       Reflection        |       |       |     1 |     6 |       ||     7

Table legend: (Time is in decaauts)
 A = Elapsed time spent in this place.
 B = Non-inter-level travel time spent in this place.
 C = Inter-level travel time spent in this place.
 D = Time resting spent in this place.
 E = Time spent auto-exploring this place.
 F = Levels seen in this place.
 G = Mean time per level.
                   A        B        C        D        E       F      G
               +--------+--------+--------+--------+--------+-----+--------+
         Total |  14493 |  13309 |   1184 |   3442 |   6956 |  20 |  724.7 |
       Dungeon |  10337 |   9236 |   1101 |   2709 |   4671 |  13 |  795.2 |
        Temple |    224 |    215 |      9 |      0 |    198 |   1 |  224.0 |
          Lair |   2546 |   2473 |     73 |    288 |   1682 |   4 |  636.5 |
        Bailey |    931 |    931 |      0 |    232 |    313 |   1 |  931.0 |
       Volcano |    452 |    452 |      0 |    211 |     91 |   1 |  452.0 |
               +--------+--------+--------+--------+--------+-----+--------+

Top non-repeatable levels by time:
     D:6: 1719 daAuts
     D:9: 1363 daAuts
     D:7: 1295 daAuts
     D:8: 1129 daAuts
  Lair:1: 1038 daAuts
  Bailey: 931 daAuts
  Lair:3: 839 daAuts
     D:2: 686 daAuts
     D:5: 677 daAuts
    D:10: 651 daAuts
  Lair:2: 647 daAuts
     D:4: 647 daAuts
    D:12: 626 daAuts
     D:1: 491 daAuts
    D:11: 482 daAuts
